 Dungeon Crawl Stone Soup version 0.20-a0-1078-g4874019 (webtiles) character file.

10971 MydosGodOfBeginnings the Thaumaturge (level 11, -13/61 HPs)
             Began as a Mummy Venom Mage on Apr 30, 2017.
             Was a Priest of Hepliaklqana.
             Mangled by a seven-headed hydra (14 damage)
             ... on level 2 of the Lair of Beasts.
             The game lasted 01:29:57 (15994 turns).

MydosGodOfBeginnings the Thaumaturge (MuVM)        Turns: 15994, Time: 01:29:57

Health: -13/61     AC:  5    Str: 12    XL:     11   Next: 43%
Magic:  11/27      EV: 15    Int: 17    God:    Hepliaklqana [***...]
Gold:   597        SH:  0    Dex: 16    Spells: 22/34 levels left

rFire    . . .     SeeInvis .   v - staff of cold
rCold    + + .     Gourm    .   (no shield)
rNeg     + + +     Faith    +   a - +0 robe
rPois    ∞         Spirit   .   m - +0 helmet
rElec    .         Reflect  .   k - +0 cloak
rCorr    .         Harm     .   c - +0 pair of gloves
MR       +....                  (no boots)
Stlth    ++........             H - amulet of faith
Regen    0.2/turn               F - +3 ring of dexterity
MPRegen  0.2/turn               p - ring of protection from fire

@: no status effects
A: no food or potions, fire vulnerability, reduced essence, cold resistance 1,
negative energy resistance 3, torment resistance, unbreathing
a: Recall Ancestor, Ancestor Identity, Transference, Renounce Religion


You were on level 2 of the Lair of Beasts.
You worshipped Hepliaklqana.
Hepliaklqana was most pleased with you.
You were not hungry.

You visited 3 branches of the dungeon, and saw 12 of its levels.

You collected 597 gold pieces.

Inventory:

Hand Weapons
 q - a +1 mace of protection
 w - a +0 flail
 x - a +2 dagger of speed
 E - a +1 short sword of freezing
Armour
 a - a +0 robe (worn)
 c - a +0 pair of gloves (worn)
 k - a +0 cloak (worn)
 m - a +0 helmet (worn)
Magical Staves
 v - an uncursed staff of cold (weapon)
 D - an uncursed staff of energy
Jewellery
 f - an uncursed ring of stealth
 p - a ring of protection from fire (right hand)
 s - an uncursed ring of fire
 F - a +3 ring of dexterity (left hand)
 H - an amulet of faith (around neck)
Wands
 t - a wand of confusion (10/48)
 z - a wand of digging (18/24)
 A - a wand of confusion (12/48)
 G - a wand of iceblast (4/15)
Scrolls
 d - 5 scrolls of amnesia {unknown}
 e - 5 scrolls of enchant weapon {unknown}
 g - 3 scrolls of recharging
 h - 3 scrolls of teleportation
 i - 3 scrolls of enchant armour {unknown}
 j - 6 scrolls of remove curse
 l - 2 scrolls of fog {unknown}
 n - 3 scrolls of immolation {unknown}
 r - 5 scrolls of identify
 u - 2 scrolls of noise {unknown}
 y - a scroll of blinking {unknown}
 B - a scroll of torment {unknown}
 J - a scroll of magic mapping {unknown}
Books
 b - a Young Poisoner's Handbook

   Spells                             Type                      Level
   a - Sting                          Conjuration/Poison           1
   b - Poisonous Vapours              Poison/Air                   2
   c - Mephitic Cloud                 Conjuration/Poison/Air       3
   d - Olgreb's Toxic Radiance        Poison                       4
   e - Venom Bolt                     Conjuration/Poison           5
 o - a book of Changes

   Spells                             Type                      Level
   a - Beastly Appendage              Transmutation                1
   b - Sticks to Snakes               Transmutation                2
   c - Spider Form                    Transmutation/Poison         3
   d - Ice Form                       Ice/Transmutation            4
   e - Blade Hands                    Transmutation                5
 C - a book of Frost

   Spells                             Type                      Level
   a - Freeze                         Ice                          1
   b - Throw Frost                    Conjuration/Ice              2
   c - Ozocubu's Armour               Charms/Ice                   3
   d - Throw Icicle                   Conjuration/Ice              4
   e - Summon Ice Beast               Ice/Summoning                4
Miscellaneous
 I - a phantom mirror


   Skills:
 - Level 0.7 Short Blades
 - Level 0.1 Maces & Flails
 + Level 4.7 Dodging
 - Level 1.5 Stealth
 + Level 12.3 Spellcasting
 + Level 3.8 Conjurations
 * Level 4.4 Ice Magic
 + Level 6.0 Air Magic
 - Level 7.6 Poison Magic
 + Level 3.0 Evocations


You had 22 spell levels left.
You knew the following spells:

 Your Spells              Type           Power        Failure   Level  Hunger
a - Throw Frost           Conj/Ice       #####.       1%          2    N/A
b - Poisonous Vapours     Pois/Air       ####..       1%          2    N/A
c - Mephitic Cloud        Conj/Pois/Air  ####....     1%          3    N/A
d - Olgreb's Toxic Radia  Pois           #####...     2%          4    N/A
e - Sting                 Conj/Pois      ####         1%          1    N/A

Dungeon Overview and Level Annotations

Branches:
Dungeon (9/15)             Temple (1/1) D:6            Lair (2/6) D:8
    Orc (0/2) D:9
  Swamp: Lair:2-4    Shoals: Lair:2-4     Snake: Lair:2-4    Spider: Lair:2-4

Altars:
Ashenzari
Cheibriados
Dithmenos
Elyvilon
Fedhas
Gozag
Hepliaklqana
Kikubaaqudgha
Makhleb
Nemelex Xobeh
Okawaru
Qazlal
Ru
Sif Muna
Trog
Uskayaw
Vehumet
Wu Jian
Xom
Yredelemnul
Zin
The Shining One

Shops:
D:9 =


Innate Abilities, Weirdness & Mutations

You do not eat or drink.
Your flesh is vulnerable to fire.
You are immune to poison.
Your flesh is cold resistant. (rC+)
You are immune to negative energy. (rN+++)
You are immune to unholy pain and torment.
You can survive without breathing.
Your life essence is reduced. (-10% HP)


Message History

The seven-headed hydra closely misses you.
The seven-headed hydra misses you.
The seven-headed hydra bites you but does no damage.
The seven-headed hydra misses you. x2; The seven-headed hydra bites you.
FedosGoodofWar barely misses the seven-headed hydra.
Casting: Throw Frost
Confirm with . or Enter, or press ? or * to list all spells.
Aiming: Throw Frost
Press: ? - help, Shift-Dir - straight line, f/p - seven-headed hydra
Aim: a seven-headed hydra (moderately wounded)
You feel a surge of power!
The puff of frost hits the seven-headed hydra.
The seven-headed hydra is heavily wounded.
The seven-headed hydra bites you. The seven-headed hydra bites you!
The seven-headed hydra bites you. The seven-headed hydra bites you!
* * * LOW HITPOINT WARNING * * *
The seven-headed hydra bites you!
* * * LOW HITPOINT WARNING * * *
The seven-headed hydra misses you. The seven-headed hydra bites you!
You die...

### ### ###.#### ###
#.##
..#.##.###.########.#
................@...#
.....<.........†D...#
...........PP..P#RP.#
.##.................#
.#.##.....#.......P.##
....................P#
....#...............##
....................#
#P.#................#


You could see the friendly FedosGoodofWar the knight and a seven-headed hydra.

Vanquished Creatures
  An ugly thing (D:9)
  A spiny frog (Lair:1)
  A hornet (D:8)
  A hippogriff (Lair:1)
  Sigmund (D:3)
  13 yaks
  Grum (D:8)
  2 hell hounds (D:8)
  2 water moccasins
  A porcupine (Lair:2)
  4 orc warriors
  A sky beast (D:6)
  A black bear (D:9)
  2 wolves (D:8)
  5 ogres
  A centaur (D:8)
  Blork the orc (D:6)
  A big kobold (D:8)
  4 bullfrogs
  A wyvern zombie (D:8)
  3 killer bees (D:8)
  6 howler monkeys
  An electric eel (Lair:2)
  3 crimson imps
  2 jellies
  A centaur zombie (D:6)
  5 hounds
  6 orc priests
  A centaur skeleton (D:5)
  7 orc wizards
  An iguana (D:6)
  9 worker ants
  An ancestor (D:7)
  7 gnolls
  5 adders
  A shadow imp (D:6)
  3 oozes
  An adder zombie (D:7)
  2 adder skeletons
  3 worms
  5 dart slugs
  2 leopard geckos
  33 orcs
  5 giant cockroaches
  3 goblins
  6 hobgoblins
  12 jackals
  12 kobolds
  9 quokkas
  6 bats
  5 frilled lizards
  2 gnoll zombies (D:3)
  A jackal zombie (D:5)
  2 rats
216 creatures vanquished.

Vanquished Creatures (collateral kills)
  The ghost of George the Carver, a novice MiFi of the Shining One (D:8)
  4 spiny frogs
  A komodo dragon (Lair:2)
  A hippogriff (D:7)
  A vampire (D:9)
  A basilisk (Lair:1)
  2 yaks (Lair:1)
  A water moccasin (Lair:2)
  A porcupine (Lair:1)
  An orc warrior (D:9)
  2 black bears (Lair:1)
  2 centaurs
  A necrophage (D:9)
  A big kobold (D:9)
  2 bullfrogs (Lair:1)
  3 howler monkeys
  3 crimson imps
  An orc priest (D:8)
  A gnoll shaman (D:9)
  A hound (D:9)
  2 jellies (D:9)
  3 orc wizards
  A killer bee zombie (D:9)
  2 adders (D:7)
  A gnoll (D:7)
  A shadow imp (D:8)
  An adder zombie (D:9)
  6 orcs
  2 quokkas
  A quokka skeleton (D:7)
51 creatures vanquished.

Vanquished Creatures (others)
  5 ancestors (D:8)
5 creatures vanquished.

Grand Total: 272 creatures vanquished

Notes
Turn   | Place    | Note
-------+----------+-------------------------------------------
     0 | D:1      | MydosGodOfBeginnings the Mummy Venom Mage began the quest for the Orb.
     0 | D:1      | Reached XP level 1. HP: 13/13 MP: 4/4
   570 | D:1      | Reached skill level 3 in Spellcasting
   570 | D:1      | Reached XP level 2. HP: 19/19 MP: 1/6
   618 | D:1      | Learned a level 2 spell: Poisonous Vapours
  1539 | D:2      | Reached skill level 1 in Conjurations
  1618 | D:2      | Reached XP level 3. HP: 21/24 MP: 5/8
  2096 | D:2      | Reached XP level 4. HP: 30/30 MP: 4/9
  2502 | D:3      | Learned a level 3 spell: Mephitic Cloud
  2594 | D:3      | Reached skill level 4 in Spellcasting
  2720 | D:3      | Reached skill level 1 in Air Magic
  2720 | D:3      | Reached XP level 5. HP: 35/35 MP: 0/11
  3290 | D:3      | Found a basalt altar of Yredelemnul.
  3545 | D:3      | Noticed Sigmund
  3579 | D:3      | Killed Sigmund
  3579 | D:3      | Reached XP level 6. HP: 37/41 MP: 0/13
  3919 | D:3      | Reached skill level 5 in Spellcasting
  4360 | D:4      | Reached XP level 7. HP: 46/46 MP: 8/15
  4468 | D:4      | Found a shattered altar of Ashenzari.
  4680 | D:5      | Entered Level 5 of the Dungeon
  4916 | D:5      | Found a bloodstained altar of Trog.
  5021 | D:5      | Reached skill level 5 in Poison Magic
  5576 | D:5      | Reached skill level 6 in Spellcasting
  6049 | D:6      | Noticed Blork the orc
  6058 | D:6      | Killed Blork the orc
  6189 | D:6      | Learned a level 4 spell: Olgreb's Toxic Radiance
  6246 | D:6      | Reached XP level 8. HP: 35/52 MP: 7/17
  6792 | D:6      | Reached skill level 7 in Spellcasting
  7138 | D:6      | Found a staircase to the Ecumenical Temple.
  7152 | Temple   | Entered the Ecumenical Temple
  7386 | Temple   | Became a worshipper of Hepliaklqana the Forgotten
  8322 | D:7      | Noticed a hippogriff
  8333 | D:7      | Killed a hippogriff
  8374 | D:7      | Reached skill level 8 in Spellcasting
  8374 | D:7      | Reached XP level 9. HP: 32/51 MP: 2/21
  8755 | D:7      | Found a white marble altar of Elyvilon.
  8786 | D:7      | Reached * piety under Hepliaklqana
  9153 | D:8      | Noticed Grum
  9164 | D:8      | Noticed George's ghost (novice MiFi)
  9166 | D:8      | Killed Grum
  9615 | D:8      | Found a staircase to the Lair.
 10502 | D:8      | Reached skill level 9 in Spellcasting
 10521 | D:8      | Found a shadowy altar of Dithmenos.
 10867 | D:8      | Learned a level 2 spell: Throw Frost
 11344 | D:8      | Reached skill level 1 in Evocations
 11441 | D:8      | Reached skill level 1 in Ice Magic
 12169 | D:9      | Reached XP level 10. HP: 56/56 MP: 6/23
 12348 | D:9      | Found Paunusoe's Jewellery Boutique.
 12368 | D:9      | Found an ornate altar of the Wu Jian Council.
 12638 | D:9      | Reached ** piety under Hepliaklqana
 12639 | D:9      | Remembered your ancestor FedosGoodofWar as a knight
 12732 | D:9      | Noticed a cyan ugly thing
 12745 | D:9      | Killed a cyan ugly thing
 12745 | D:9      | Reached skill level 10 in Spellcasting
 12745 | D:9      | Reached skill level 5 in Air Magic
 13146 | D:9      | Found a staircase to the Orcish Mines.
 13925 | D:8      | Killed George's ghost
 13925 | D:8      | Reached skill level 11 in Spellcasting
 14082 | Lair:1   | Entered Level 1 of the Lair of Beasts
 14103 | Lair:1   | Noticed a spiny frog
 14114 | Lair:1   | Killed a spiny frog
 14244 | Lair:1   | Noticed a spiny frog
 14262 | Lair:1   | Killed a spiny frog
 14537 | Lair:1   | Reached XP level 11. HP: 61/61 MP: 15/26
 14782 | Lair:1   | Reached *** piety under Hepliaklqana
 15004 | Lair:1   | Reached skill level 12 in Spellcasting
 15364 | Lair:2   | HP: 2/61 [spiny frog (20)]
 15986 | Lair:2   | Noticed a seven-headed hydra
 15994 | Lair:2   | HP: 1/61 [seven-headed hydra (17)]
 15994 | Lair:2   | Mangled by a seven-headed hydra

Vault maps used:
D:1:      saegor_arrival_simple_f
D:3:      lemuel_zombie_altar_yredelemnul, uniq_sigmund
D:4:      lemuel_doored_altar, serial_glass, glass_columns_a, glass_columns_a,
          first_bread, kennysheep_generic_room_2
D:5:      trog_three_pillars_becter
D:6:      temple_doors_e, nrook_mini_backslash, serial_park_tiny_2,
          uniq_blork_the_orc
D:7:      nicolae_overflow_hidden_temple
D:8:      minmay_lair_entry_lava, grunt_dithmenos_smoke_and_mirrors, uniq_grum
D:9:      old_standard_altar, david_orc_4, serial_shops, nicolae_shop_crystal,
          lightli_fourway_metalbox
Temple:   dpeg_five_rooms_temple
Lair:1:   grunt_megastairs_3, lemuel_fruit_tree
Lair:2:   shoals_dummy_entry, grunt_megastairs_2, infiniplex_staircase_pool

Skill      XL: |  1  2  3  4  5  6  7  8  9 10 11 |
---------------+----------------------------------+-----
Spellcasting   | 3 4 5 6 8 9 11 12 | 12.3
Conjurations   | 1 2 3 |  3.8
Poison Magic   | 3 4 5 6 7 |  7.6
Air Magic      | 1 2 3 4 5 6 |  6.0
Dodging        | 2 3 4 |  4.7
Evocations     | 1 2 3 |  3.0
Ice Magic      | 1 3 4 |  4.4
Short Blades   | |  0.7
Maces & Flails | |  0.1
Stealth        | |  1.5

Action                   |  1- 3 |  4- 6 |  7- 9 | 10-12 || total
-------------------------+-------+-------+-------+-------++-------
Melee: Unarmed           |    11 |    59 |       |       ||    70
       Mace              |       |    37 |    18 |       ||    55
       Staff             |       |       |    87 |     1 ||    88
       Flail             |       |       |   127 |       ||   127
       Dagger            |       |       |   153 |       ||   153
       Short sword       |       |       |    40 |    87 ||   127
 Cast: Sting             |    52 |    26 |    25 |     1 ||   104
       Poisonous Vapours |    17 |    53 |    96 |    21 ||   187
       Mephitic Cloud    |       |     5 |    37 |    29 ||    71
       Olgreb's Toxic Ra |       |       |     7 |    17 ||    24
       Throw Frost       |       |       |       |    50 ||    50
Invok: Ancestor Identity |       |       |     1 |       ||     1
       Recall Ancestor   |       |       |     5 |       ||     5
       Ancestor Life: Kn |       |       |       |     1 ||     1
Evoke: Wand              |       |       |    29 |    11 ||    40
  Use: Scroll            |       |       |     3 |     3 ||     6
 Stab: Confused          |       |     1 |    11 |     6 ||    18
       Sleeping          |       |       |     5 |       ||     5
       Distracted        |       |       |     2 |     1 ||     3
Armor: Robe              |     6 |    31 |   106 |    16 ||   159
Dodge: Dodged            |    21 |    75 |   236 |    81 ||   413
